 Dungeon Crawl Stone Soup version 0.20.0-10-g0535bb4 (console) character file.

1309 removed the Spear-Bearer (level 8, -3/62 HPs)
             Began as a Merfolk Conjurer on June 3, 2017.
             Was a Follower of Okawaru.
             Killed by divine providence
             ... invoked by an orc priest
              (13 damage)
             ... on level 5 of the Dungeon.
             The game lasted 00:11:33 (6463 turns).

removed the Spear-Bearer (Merfolk Conjurer)         Turns: 6463, Time: 00:11:34

Health: -3/62      AC:  5    Str:  9    XL:     8   Next: 58%
Magic:  11/11      EV: 17    Int: 14    God:    Okawaru [*.....]
Gold:   392        SH:  0    Dex: 16    Spells: 9/11 levels left

rFire    . . .     SeeInvis .   a - +0 dagger (venom)
rCold    . . .     Gourm    .   (no shield)
rNeg     . . .     Faith    .   j - +0 robe
rPois    .         Spirit   .   w - +0 helmet
rElec    .         Reflect  .   (no cloak)
rCorr    .         Harm     .   D - +1 pair of gloves
MR       .....                  (no boots)
Stlth    ++........             (no amulet)
Regen    0.2/turn               I - ring of wizardry
MPRegen  0.2/turn               (no ring)

@: no status effects
A: change form in water, swift swim, stealthy swim
a: Heroism, Renounce Religion


You were on level 5 of the Dungeon.
You worshipped Okawaru.
Okawaru was aware of your devotion.
You were not hungry.

You visited 2 branches of the dungeon, and saw 7 of its levels.

You collected 392 gold pieces.

Inventory:

Hand Weapons
 a - a +0 dagger of venom (weapon)
 b - a +0 spear
 d - a +0 mace
 g - a +0 blowgun
 l - a -2 halberd
 v - a +0 dagger of draining
Missiles
 x - 4 curare-tipped needles
 B - 7 poisoned needles
Armour
 j - a +0 robe (worn)
 w - a +0 helmet (worn)
 D - a +1 pair of gloves (worn)
Jewellery
 I - a ring of wizardry (left hand)
Wands
 q - a wand of digging (9/24)
 E - a wand of lightning (8/15)
 P - a wand of acid (4/15)
 R - a wand of random effects (23/48)
Scrolls
 e - 5 scrolls of teleportation
 C - 3 scrolls of enchant armour
 M - a scroll of amnesia
Potions
 h - 2 potions of cancellation
 i - a potion of degeneration
 k - a potion of heal wounds
 r - a potion of might
 t - a potion of mutation {unknown}
 u - 2 potions of lignification
Books
 n - a book of Conjurations

   Spells                             Type                      Level
   a - Magic Dart                     Conjuration                  1
   b - Searing Ray                    Conjuration                  2
   c - Dazzling Spray                 Conjuration/Hexes            3
   d - Fulminant Prism                Conjuration/Hexes            4
   e - Force Lance                    Conjuration/Translocation    4
   f - Iskenderun's Mystic Blast      Conjuration                  4
 H - a book of Minor Magic

   Spells                             Type                      Level
   a - Magic Dart                     Conjuration                  1
   b - Blink                          Translocation                2
   c - Call Imp                       Summoning                    2
   d - Slow                           Hexes                        2
   e - Conjure Flame                  Conjuration/Fire             3
   f - Mephitic Cloud                 Conjuration/Poison/Air       3
Comestibles
 c - 3 bread rations
 o - a meat ration
 F - a royal jelly


   Skills:
 - Level 5.0 Fighting
 + Level 10.5 Polearms
 - Level 6.7 Dodging
 - Level 2.1 Stealth
 - Level 2.0 Spellcasting
   Level 3.2 Conjurations


You had 9 spell levels left.
You knew the following spells:

 Your Spells              Type           Power        Failure   Level  Hunger
l - Blink                 Tloc           N/A          14%         2    ###....


Dungeon Overview and Level Annotations

Branches:
Dungeon (6/15)             Temple (1/1) D:4

Altars:
Ashenzari
Cheibriados
Dithmenos
Elyvilon
Fedhas
Gozag
Hepliaklqana
Kikubaaqudgha
Makhleb
Nemelex Xobeh
Okawaru
Qazlal
Ru
Sif Muna
Trog
Uskayaw
Vehumet
Xom
Yredelemnul
Zin
The Shining One

Annotations:
D:6 tsouns's ghost, amateur OgVM


Message History

The hound bites you but does no damage.
Unknown command.
You hit the orc priest.
The orc priest is poisoned.
The orc priest is lightly wounded.
You kill the hound!
Okawaru accepts your kill.
The orc priest mumbles some strange prayers to Beogh against you.
Pain shoots through your body!
* * * LOW HITPOINT WARNING * * *
You hit the orc priest.
The orc priest looks as sick as possible!
The orc priest is moderately wounded.
The orc priest closely misses you.
Unknown command.
You hit the orc priest.
The orc priest looks as sick as possible!
The orc priest is severely wounded.
The orc priest calls down the wrath of Beogh upon you.
Beogh smites you!
You die...

##...........#####..###.........
#..._...............# #.########
#............#####.####.#
#............#......)...# ####
#...##.#.#.#.#>#.######## ##...
#.........[..#.#.####.## ##..##
#.####.#.#.#.#....##.#.####....#
#.# #....###...(...###.....PP..
#.# ###.#.#.#.@..##.#.###..♣...
#.# #.##..#†#o####..# #......
##.## #.###.<..c####..###.#..#.
#...#####.# #..#(.o>........##...
#.#.......###.........).########.
#...#####.......[..((.#.# #.
##.## #.#######(.##...# #. #.####
#.# #).##...########. #....# #.#
#..##............


You could see a centaur, an orc priest and an orc.

Vanquished Creatures
  Sigmund (D:2)
  Eustachio (D:4)
  A phantom (D:5)
  2 centaurs
  A big kobold (D:5)
  A scorpion (D:5)
  A howler monkey (D:5)
  2 crimson imps (D:5)
  6 hounds
  An orc priest (D:4)
  An orc wizard (D:5)
  Terence (D:2)
  An iguana (D:5)
  2 worker ants
  A hound zombie (D:6)
  A worker ant zombie (D:3)
  Robin (D:2)
  4 adders
  A gnoll (D:1)
  An ooze (D:3)
  An adder skeleton (D:4)
  A worm (D:3)
  A dart slug (D:2)
  5 leopard geckos
  3 orcs (D:3)
  5 giant cockroaches
  15 goblins
  9 hobgoblins
  11 jackals
  4 quokkas
  A ball python (D:5)
  5 bats
  6 frilled lizards
  A jackal skeleton (D:4)
  11 kobolds
  A leopard gecko skeleton (D:4)
  4 rats
115 creatures vanquished.

Notes
Turn   | Place    | Note
-------+----------+-------------------------------------------
     0 | D:1      | removed the Merfolk Conjurer began the quest for the Orb.
     0 | D:1      | Reached XP level 1. HP: 13/13 MP: 3/3
    96 | D:1      | Reached skill level 1 in Fighting
   291 | D:1      | Reached XP level 2. HP: 17/22 MP: 0/5
   595 | D:1      | Reached skill level 1 in Polearms
   688 | D:1      | Reached XP level 3. HP: 28/28 MP: 4/6
  1032 | D:2      | Reached skill level 2 in Polearms
  1164 | D:2      | Noticed Robin
  1337 | D:2      | Reached skill level 3 in Polearms
  1376 | D:2      | Killed Robin
  1376 | D:2      | Reached XP level 4. HP: 29/34 MP: 3/7
  1624 | D:2      | Noticed Terence
  1641 | D:2      | Killed Terence
  1641 | D:2      | Reached skill level 4 in Polearms
  1841 | D:2      | Noticed Sigmund
  2050 | D:2      | Reached skill level 5 in Polearms
  2113 | D:2      | Killed Sigmund
  2113 | D:2      | Reached skill level 7 in Polearms
  2113 | D:2      | Reached XP level 5. HP: 23/39 MP: 8/8
  2113 | D:2      | Reached XP level 6. HP: 27/46 MP: 9/9
  2484 | D:3      | Reached skill level 8 in Polearms
  2497 | D:3      | HP: 2/46 [poisoned by an adder]
  2504 | D:3      | HP: 1/46 [poisoned by an adder]
  2512 | D:3      | HP: 1/46 [poisoned by an adder]
  3926 | D:4      | Found a shimmering altar of Xom.
  3946 | D:4      | Found a staircase to the Ecumenical Temple.
  3987 | Temple   | Entered the Ecumenical Temple
  4107 | Temple   | Became a worshipper of Warmaster Okawaru
  4296 | D:4      | Noticed Eustachio
  4321 | D:4      | Killed Eustachio
  4321 | D:4      | Reached skill level 5 in Fighting
  4321 | D:4      | Reached XP level 7. HP: 46/56 MP: 10/10
  4433 | D:4      | Learned a level 2 spell: Blink
  4692 | D:5      | Entered Level 5 of the Dungeon
  4832 | D:5      | Found a sacrificial altar of Ru.
  4912 | D:5      | Reached * piety under Okawaru
  4912 | D:5      | Reached skill level 5 in Dodging
  5018 | D:5      | Reached XP level 8. HP: 41/62 MP: 11/11
  5624 | D:5      | Reached skill level 9 in Polearms
  6311 | D:6      | Reached skill level 10 in Polearms
  6393 | D:6      | Noticed tsouns's ghost (amateur OgVM)
  6463 | D:5      | Killed from afar by an orc priest

Skill      XL: |  1  2  3  4  5  6  7  8 |
---------------+-------------------------+-----
Fighting       | 1 2 5 |  5.0
Polearms       | 1 3 7 8 10 | 10.5
Dodging        | 6 |  6.7
Stealth        | |  2.1
Spellcasting   | |  2.0
Conjurations   | |  3.2

Action                   |  1- 3 |  4- 6 |  7- 9 || total
-------------------------+-------+-------+-------++-------
Melee: Mace              |     6 |       |       ||     6
       Dagger            |    39 |   112 |   210 ||   361
       Spear             |       |    46 |    87 ||   133
       Halberd           |       |     2 |    35 ||    37
 Fire: Blowgun           |       |     3 |       ||     3
 Cast: Magic Dart        |    49 |    15 |       ||    64
  Use: Scroll            |       |     7 |     7 ||    14
       Potion            |       |       |     1 ||     1
 Stab: Sleeping          |     1 |     9 |     2 ||    12
       Distracted        |       |       |     1 ||     1
  Eat: Chunk             |     2 |    10 |     7 ||    19
Armor: Robe              |     5 |    43 |    59 ||   107
Dodge: Dodged            |    22 |   110 |   236 ||   368
